 Dungeon Crawl Stone Soup version 0.20-a0 (webtiles) character file.

5805 Erock the Carver (level 10, 0/91 HPs)
             Began as a Deep Dwarf Fighter on Oct 27, 2016.
             Was a Priest of Yredelemnul.
             Killed by divine providence
             ... invoked by an orc priest
              (11 damage)
             ... on level 10 of the Dungeon.
             The game lasted 02:35:15 (8880 turns).

Erock the Carver (Deep Dwarf Fighter)               Turns: 8880, Time: 02:35:16

Health: 0/91       AC: 10    Str: 22    XL:     10   Next: 50%
Magic:  7/9        EV:  7    Int:  9    God:    Yredelemnul [***...]
Gold:   461        SH:  0    Dex: 20    Spells: 0 memorised, 9 levels left

rFire  + . .     SeeInvis .     e - +0 long sword
rCold  . . .     Gourm    .     n - +2 ring mail {rF+}
rNeg   + . .     Faith    .     c - +0 shield
rPois  .         Spirit   .     (no helmet)
rElec  .         Reflect  +     (no cloak)
rCorr  .         Harm     .     S - +0 pair of gloves {Dex+3}
MR     +....                    (no boots)
Stlth  ++........               z - +2 amulet of reflection
                                u - ring of positive energy
                                r - +4 ring of dexterity

@: lethally poisoned (0 -> -2), held, non-regenerating
A: damage resistance, recharge devices, sense surroundings 2, slow regeneration
3
a: Device Recharging, Recall Undead Slaves, Injury Mirror, Animate Dead,
Renounce Religion


You were on level 10 of the Dungeon.
You worshipped Yredelemnul.
Yredelemnul was most pleased with you.
You were hungry.

You visited 2 branches of the dungeon, and saw 11 of its levels.

You collected 461 gold pieces.

Inventory:

Hand Weapons
 e - a +0 long sword (weapon)
 g - a +0 hunting sling
 p - a +0 mace of crushing
 w - a cursed -2 trident
 I - a +0 short sword of speed
 N - a +0 shortbow
Missiles
 j - 79 bolts
 k - 174 arrows
 o - 50 sling bullets
Armour
 c - a +0 shield (worn)
 n - a +2 ring mail of fire resistance (worn)
 x - a +0 cloak
 K - a +0 plate armour
 S - a +0 pair of gloves of dexterity (worn)
Magical Staves
 s - an uncursed staff of conjuration
 V - an uncursed staff of power {unknown}
Jewellery
 d - an uncursed ring of resist corrosion {unknown}
 r - a +4 ring of dexterity (left hand)
 u - a ring of positive energy (right hand)
 y - an uncursed ring of wizardry {unknown}
 z - a +2 amulet of reflection (around neck)
 A - a +5 ring of evasion {unknown}
 D - an uncursed amulet of magic regeneration {unknown}
 O - an uncursed amulet of the gourmand {unknown}
 R - a +2 ring of protection {unknown}
 X - an uncursed ring of see invisible {unknown}
 Z - a +5 amulet of reflection
Wands
 a - a wand of heal wounds (0/9)
 h - a wand of flame (2/48)
 B - a wand of random effects (27/48)
 E - a wand of flame (19/48)
 H - a wand of disintegration (12/24)
 L - a wand of enslavement (18/24)
 Q - a wand of iceblast (6/15)
 W - a wand of flame (27/48)
 Y - a wand of lightning (6/15)
Scrolls
 i - a scroll of vulnerability {unknown}
 l - 5 scrolls of blinking
 J - 2 scrolls of remove curse
 M - a scroll of magic mapping
 P - 2 scrolls of fog {unknown}
 T - a scroll of enchant weapon {unknown}
 U - a scroll of brand weapon {unknown}
Potions
 b - 4 potions of flight
 m - 2 potions of brilliance {unknown}
 q - 4 potions of curing {unknown}
 t - a potion of magic {unknown}
 v - a potion of cancellation {unknown}
 C - a potion of agility {unknown}
 F - a potion of lignification {unknown}
 G - 3 potions of degeneration {unknown}
Comestibles
 f - a bread ration


   Skills:
 + Level 5.8 Fighting
 + Level 9.1 Long Blades
 + Level 0.4 Maces & Flails
 + Level 2.1(2.5) Slings
 + Level 1.6(2.1) Throwing
 + Level 7.4 Armour
 + Level 5.1 Dodging
 + Level 2.5 Stealth
 + Level 8.1 Shields
 + Level 4.1 Invocations
 + Level 3.5 Evocations


You had 9 spell levels left.
You didn't know any spells.

Dungeon Overview and Level Annotations

Branches:
Dungeon (10/15)            Temple (1/1) D:4            Lair (0/6) D:9
    Orc: D:9-12

Altars:
Ashenzari
Cheibriados
Dithmenos
Elyvilon
Fedhas
Gozag
Hepliaklqana
Kikubaaqudgha
Makhleb
Nemelex Xobeh
Okawaru
Qazlal
Ru
Sif Muna
Trog
Uskayaw
Vehumet
Xom
Yredelemnul
Zin
The Shining One

Shops:
D:7 (

Annotations:
D:10 Harold


Innate Abilities, Weirdness & Mutations

You are resistant to damage.
You can recharge devices by infusing magical energy.
You passively map the area around you.
You do not regenerate.


Message History

The worker ant poisons you!
You struggle against the net.
You feel sick. The killer bee completely misses you.
The killer bee stings you but does no damage.
The orc wizard gestures at you while chanting.
The puff of flame hits you! You resist.
The orc priest invokes the aid of Beogh against you.
Beogh smites you!
* * * LOW HITPOINT WARNING * * *
The worker ant bites you.
You struggle against the net.
You feel sick. The killer bee barely misses you.
You riposte.
You slash the killer bee!
The killer bee is almost dead.
Harold hits you from afar with a glaive!
* * * LOW HITPOINT WARNING * * *
The killer bee barely misses you.
The orc priest mumbles some strange prayers to Beogh against you.
Beogh smites you!
You die...
Your body rises from the dead as a mindless zombie.

* , ,,, ,
##........,
#......... ,
#.........,,,
, #.....o...
,, #...o.....
,, ,
#........., ,
#......... ,,
, #.@a......,
, #y........
, ,
#<@....... ,
, #<........,
, ,
#......... ,
#......... ,
#......... ,
#......... ,
#........


You could see Harold, a worker ant, a killer bee, an orc priest and an orc
wizard.

Vanquished Creatures
  Erolcha (D:9)
  The ghost of LostInTranslocation the Cleaver, a novice DsFi (D:6)
  An elephant (D:9)
  A hornet (D:9)
  3 wyverns
  Sigmund (D:4)
  Eustachio (D:5)
  2 sky beasts
  An ice beast (D:9)
  2 orc warriors
  2 black bears
  3 ogres
  A phantom (D:5)
  Blork the orc (D:5)
  3 bullfrogs
  2 scorpions
  10 killer bees
  A centaur zombie (D:5)
  A crimson imp (D:6)
  A bullfrog zombie (D:8)
  A jelly (D:6)
  7 orc priests
  Ijyb (D:2)
  An iguana (D:9)
  4 orc wizards
  9 worker ants
  A killer bee zombie (D:7)
  A hound skeleton (D:4)
  A howler monkey skeleton (D:9)
  9 adders
  3 shadow imps
  2 adder skeletons
  2 worms
  2 dart slugs
  4 leopard geckos
  21 orcs
  6 giant cockroaches
  7 goblins
  4 hobgoblins
  12 jackals
  A quokka (D:8)
  5 ball pythons
  11 bats
  5 frilled lizards
  6 kobolds
  A leopard gecko skeleton (D:4)
  5 rats
171 creatures vanquished.

Vanquished Creatures (collateral kills)
  The ghost of Jivvin the Cleaver, a novice HOAK of Lugonu (D:8)
  A two-headed ogre (D:9)
  A wyvern (D:8)
  A phantom (D:8)
  A necrophage (D:9)
  An ogre (D:9)
  A black bear (D:7)
  A centaur (D:8)
  A big kobold (D:8)
  2 scorpions (D:8)
  A killer bee (D:9)
  2 crimson imps (D:8)
  A hound (D:7)
  2 orc priests
  A centaur skeleton (D:7)
  A jelly (D:9)
  2 orc wizards
  2 worker ants
  An iguana (D:9)
  A shadow imp (D:9)
  5 orcs (D:9)
  2 quokkas
  A kobold (D:8)
33 creatures vanquished.

Vanquished Creatures (others)
  A wyvern zombie (D:8)
  A black bear zombie (D:6)
  7 killer bee zombies
  An ogre zombie (D:9)
  2 worker ant zombies (D:9)
  2 scorpion zombies
  2 shadow imps
  An iguana zombie (D:9)
  2 adder zombies
  An orc (D:4)
  A quokka (D:4)
  A dart slug zombie (D:5)
  A giant cockroach zombie (D:5)
23 creatures vanquished.

Grand Total: 227 creatures vanquished

Notes
Turn   | Place    | Note
-------+----------+-------------------------------------------
     0 | D:1      | Erock the Deep Dwarf Fighter began the quest for the Orb.
     0 | D:1      | Reached XP level 1. HP: 20/20 MP: 1/1
   422 | D:1      | Reached XP level 2. HP: 25/27 MP: 2/2
  1015 | D:2      | Reached XP level 3. HP: 26/33 MP: 3/3
  1613 | D:2      | Noticed Ijyb
  1620 | D:2      | Killed Ijyb
  1620 | D:2      | Reached XP level 4. HP: 33/42 MP: 4/4
  1697 | D:3      | Reached skill level 1 in Dodging
  1898 | D:3      | Found a glowing golden altar of the Shining One.
  1900 | D:3      | Noticed an angel
  1976 | D:3      | Found an iron altar of Okawaru.
  2109 | D:3      | Found a shimmering altar of Xom.
  2189 | D:3      | Found a faded altar of an unknown god.
  2211 | D:3      | Reached skill level 3 in Long Blades
  2397 | D:3      | Found a sparkling altar of Nemelex Xobeh.
  2483 | D:3      | Found a basalt altar of Yredelemnul.
  2485 | D:3      | Noticed a profane servitor
  2492 | D:3      | Became a worshipper of Yredelemnul the Dark
  2542 | D:4      | Found a staircase to the Ecumenical Temple.
  2546 | Temple   | Entered the Ecumenical Temple
  2836 | D:4      | Reached XP level 5. HP: 46/49 MP: 5/5
  2892 | D:4      | Noticed Sigmund
  2966 | D:4      | Killed Sigmund
  2966 | D:4      | Reached XP level 6. HP: 20/56 MP: 6/6
  3297 | D:4      | Reached skill level 1 in Throwing
  3297 | D:4      | Reached skill level 1 in Evocations
  3300 | D:4      | Reached skill level 5 in Armour
  3308 | D:4      | Found a white marble altar of Elyvilon.
  3376 | D:4      | Found a shattered altar of Ashenzari.
  3476 | D:4      | Reached * piety under Yredelemnul
  3511 | D:4      | Reached skill level 4 in Long Blades
  3511 | D:4      | Reached XP level 7. HP: 50/63 MP: 5/7
  3591 | D:5      | Entered Level 5 of the Dungeon
  3624 | D:5      | Found a snail-covered altar of Cheibriados.
  3739 | D:5      | Reached skill level 5 in Shields
  3854 | D:5      | Reached skill level 1 in Invocations
  3962 | D:5      | Noticed Blork the orc
  3975 | D:5      | Killed Blork the orc
  4189 | D:5      | Reached skill level 5 in Long Blades
  4213 | D:5      | Reached skill level 1 in Stealth
  4238 | D:5      | Noticed Eustachio
  4333 | D:5      | Killed Eustachio
  4333 | D:5      | Reached XP level 8. HP: 61/72 MP: 8/8
  4909 | D:6      | Reached ** piety under Yredelemnul
  4909 | D:6      | Reached skill level 1 in Slings
  5064 | D:6      | Noticed LostInTranslocation's ghost (novice DsFi)
  5149 | D:6      | Reached skill level 6 in Long Blades
  5202 | D:6      | Killed LostInTranslocation's ghost
  5312 | D:6      | Gained mutation: You passively map the area around you. [Deep Dwarf growth]
  5312 | D:6      | Reached XP level 9. HP: 47/79 MP: 6/6
  5629 | D:6      | Found an opulent altar of Gozag.
  6029 | D:7      | Found Tijiet's Antique Weapon Shoppe.
  6281 | D:7      | Reached skill level 7 in Long Blades
  6866 | D:8      | Reached *** piety under Yredelemnul
  6889 | D:8      | Reached skill level 5 in Fighting
  7114 | D:8      | Found a stormy altar of Qazlal.
  7122 | D:8      | Found a shadowy altar of Dithmenos.
  7309 | D:8      | Found a sand-covered staircase.
  7519 | D:8      | Noticed Jivvin's ghost (novice HOAK)
  7535 | D:8      | Killed Jivvin's ghost
  7535 | D:8      | Reached skill level 8 in Long Blades
  7772 | D:8      | Reached skill level 5 in Dodging
  7804 | D:9      | Noticed Erolcha
  7808 | D:9      | Paralysed by Erolcha for 5 turns
  7820 | D:9      | Paralysed by Erolcha for 7 turns
  8024 | D:9      | Reached XP level 10. HP: 43/88 MP: 8/8
  8141 | D:9      | Found a staircase to the Lair.
  8142 | D:9      | Noticed an elephant
  8185 | D:9      | Killed an elephant
  8247 | D:9      | Killed Erolcha
  8452 | D:9      | Found a bloodstained altar of Trog.
  8621 | D:9      | Reached skill level 9 in Long Blades
  8868 | D:10     | Entered Level 10 of the Dungeon
  8868 | D:10     | Noticed Harold
  8880 | D:10     | Killed from afar by an orc priest

Vault maps used:
D:1:      mrwooster_arrival_statue, minmay_shallow_snake_nest
D:2:      serial_bayou_crossing, uniq_iyjb
D:3:      grunt_temple_overflow_holy_war, lemuel_crystal_altar,
          overflow_temple_1_default, okawaru_gym_becter, first_bread,
          ecumenical_altar_2
D:4:      marbit_many_paths, elyvilon_altar_4, uniq_sigmund
D:5:      kennysheep_slug_shrine, serial_glass, glass_columns_b,
          glass_columns_a, moated_statue, uniq_eustachio, uniq_blork_the_orc
D:6:      basic_altar
D:7:      serial_shops, shop
D:8:      amethyst_overflow_temple_binary, chequers_ossuary_entry_cave
D:9:      lightli_temple_of_fire, david_lair_generic, uniq_erolcha
D:10:     zombieorc2_lemuel, serial_shops, nicolae_shop_window_shopping,
          uniq_harold, uniq_erica
Temple:   minmay_temple_curvy_loop

Skill      XL: |  1  2  3  4  5  6  7  8  9 10 |
---------------+-------------------------------+-----
Fighting       | 3 4 5 |  5.8
Dodging        | 1 2 3 4 5 |  5.1
Armour         | 4 5 7 |  7.4
Long Blades    | 3 4 5 6 8 9 |  9.1
Shields        | 4 5 6 7 8 |  8.1
Throwing       | 1 |  1.6
Evocations     | 1 2 3 |  3.5
Invocations    | 1 3 4 |  4.1
Stealth        | 1 2 |  2.5
Slings         | 1 2 |  2.1
Maces & Flails | |  0.4

Action                   |  1- 3 |  4- 6 |  7- 9 | 10-12 || total
-------------------------+-------+-------+-------+-------++-------
Melee: Long sword        |   102 |   219 |   474 |   119 ||   914
       Mace              |       |       |    37 |       ||    37
 Fire: Hunting sling     |       |       |    16 |       ||    16
Throw: Stone             |    40 |    31 |       |       ||    71
       Javelin           |       |     4 |    10 |       ||    14
       Throwing net      |       |       |     3 |       ||     3
Invok: Animate Remains   |       |     1 |    10 |       ||    11
       Recall Undead Sla |       |       |     2 |       ||     2
       Animate Dead      |       |       |     6 |    14 ||    20
 Abil: Device Recharging |       |     1 |     3 |       ||     4
Evoke: Wand              |       |     8 |    35 |     5 ||    48
  Use: Scroll            |     2 |     9 |     8 |     1 ||    20
       Potion            |       |     2 |     1 |       ||     3
 Stab: Distracted        |       |       |     1 |     1 ||     2
       Held in net/web   |       |       |     1 |     1 ||     2
  Eat: Royal jelly       |     1 |       |       |       ||     1
       Chunk             |       |     4 |     3 |       ||     7
       Pizza             |       |     2 |       |     1 ||     3
       Bread ration      |       |       |     3 |     1 ||     4
       Meat ration       |       |       |     1 |       ||     1
Armor: Scale mail        |    28 |       |       |       ||    28
       Ring mail         |    19 |    81 |   169 |    27 ||   296
Dodge: Dodged            |    36 |    68 |   197 |    61 ||   362
Block: Shield            |    48 |   126 |   377 |    94 ||   645
       Reflection        |       |     5 |     3 |     2 ||    10
       Rpst.: Long sword |    12 |    19 |    55 |    20 ||   106
